 Dungeon Crawl Stone Soup version 0.23-a0-641-g0a7f1ce553 (webtiles) character file.

1318 HereIgoKillingAgain the Transmogrifier (level 8, -6/59 HPs)
             Began as a Grey Draconian Transmuter on Dec 30, 2018.
             Was an Initiate of Qazlal.
             Killed from afar by an orc warrior (8 damage)
             ... with a wand of acid (8)
             ... on level 6 of the Dungeon.
             The game lasted 00:08:46 (6685 turns).

HereIgoKillingAgain the Transmogrifier (DrTm)       Turns: 6685, Time: 00:08:47

Health: -6/59      AC: 11    Str: 12    XL:     8   Next: 33%
Magic:  2/11       EV: 12    Int: 15    God:    Qazlal [......]
Gold:   217        SH:  0    Dex: 13    Spells: 3/11 levels left

rFire    . . .     SeeInvis .     - Unarmed
rCold    . . .     Gourm    .   (shield currently unavailable)
rNeg     . . .     Faith    .   (armour unavailable)
rPois    +         Spirit   .   (helmet restricted)
rElec    .         Reflect  .   (no cloak)
rCorr    .         Harm     .   (gloves currently unavailable)
MR       .....                  (no boots)
Stlth    +.........             g - amulet of rage
HPRegen  0.19/turn              t - ring of poison resistance
MPRegen  0.12/turn              (no ring)

@: blade hands
A: walk through water, unfitting armour, unbreathing, cold-blooded, AC +11
a: End Transformation, Renounce Religion, Evoke Berserk Rage


You were on level 6 of the Dungeon.
You worshipped Qazlal.
Qazlal was noncommittal.
You were full.
You had blades for hands.
You visited 1 branch of the dungeon, and saw 6 of its levels.

You collected 217 gold pieces.

Inventory:

Hand Weapons
 m - a +1 dagger of venom (melded)
Missiles
 a - 70 arrows
Armour
 h - a +0 pair of gloves (melded)
Jewellery
 g - an amulet of rage (around neck)
 t - a ring of poison resistance (left scythe-like blade)
Wands
 x - a wand of digging (3)
Scrolls
 b - a scroll of immolation
 j - 3 scrolls of enchant weapon {unknown}
 k - 3 scrolls of teleportation
 l - 3 scrolls of fog {unknown}
 n - a scroll of amnesia {unknown}
 o - 3 scrolls of magic mapping {unknown}
 p - a scroll of random uselessness {unknown}
 q - 2 scrolls of blinking {unknown}
 s - a scroll of enchant armour {unknown}
 w - a scroll of fear {unknown}
 y - 2 scrolls of remove curse {unknown}
 A - a scroll of vulnerability {unknown}
Potions
 d - 3 potions of curing
 e - a potion of might
 i - a potion of berserk rage {unknown}
 u - a potion of resistance {unknown}
 v - a potion of degeneration {unknown}
 z - a potion of flight {unknown}
Comestibles
 c - 7 rations


   Skills:
 - Level 1.1 Fighting
 - Level 1.7 Dodging
 - Level 3.0 Unarmed Combat
 - Level 2.0 Spellcasting
 + Level 9.3 Transmutations
 - Level 4.2 Evocations


You had 3 spell levels left.
You knew the following spells:

 Your Spells              Type           Power        Failure   Level  Hunger
a - Beastly Appendage     Tmut           ####..       12%         1    #......
b - Sticks to Snakes      Tmut           ####....     13%         2    ###....
c - Blade Hands           Tmut           ####......   52%         5    ######.

Your spell library contained the following spells:

 Spells                   Type           Power        Failure   Level  Hunger
 Spider Form              Tmut/Pois      ###.......   45%         3    ###....
 Ice Form                 Ice/Tmut       ###.....     75%         4    #####..


Dungeon Overview and Level Annotations

Branches:
Dungeon (6/15)
 Temple: D:4-7

Altars:
Dithmenos
Elyvilon
Nemelex Xobeh
Qazlal
Trog
Vehumet


Innate Abilities, Weirdness & Mutations

You can walk through water.
Your dull iron-grey scales are very hard. (AC +11)
You cannot fit into any form of body armour.
You can survive without breathing.
You are cold-blooded and may be slowed by cold attacks.


Message History

The orc warrior hits you with a cursed +0 short sword!
You slash the orc warrior!
Your tail-slap misses the orc warrior.
The orc warrior is heavily wounded.
The orc warrior hits you with a cursed +0 short sword!
You hit the orc warrior.
The orc warrior is heavily wounded.
The orc warrior hits you with a cursed +0 short sword!!
* * * LOW HITPOINT WARNING * * *
Unknown command.
You swap places.
Your adder bites the orc warrior.
The orc warrior is poisoned.
Your adder poisons the orc warrior!
The orc warrior hits your adder with a cursed +0 short sword!
Your adder dies!
The orc warrior zaps a wand.
The bolt of acid misses you.
You see here a stone.
Casting: Blade Hands (very dangerous; 52% risk of failure)
Confirm with . or Enter, or press ? or * to list all spells.
You create a snake!
You now have 70 arrows.
The orc warrior zaps a wand.
The bolt of acid hits you!
You die...

### #.. ..#
#.# ..## #.#
... ####.#
##..# #S@..#
....# ####o#
#...#
#(#####)รท.#
#.(((o..#
#####o..#
#.......'...
#.##....#...#
#.<...# ..#
#.....# .#


You could see an orc warrior and a friendly adder.

Vanquished Creatures
  Eustachio (D:5)
  Menkaure (D:5)
  An ogre (D:5)
  2 centaurs (D:5)
  A bullfrog zombie (D:5)
  A hound (D:5)
  A jelly (D:4)
  3 orc wizards (D:5)
  2 orc priests
  A gnoll shaman (D:6)
  A centaur skeleton (D:4)
  2 iguanas
  4 worker ants
  Robin (D:3)
  9 gnolls
  6 adders
  4 oozes
  An adder skeleton (D:5)
  4 worms
  3 dart slugs
  5 leopard geckos
  15 orcs
  3 ball pythons
  6 giant cockroaches
  19 goblins
  8 hobgoblins
  7 jackals
  5 bats
  3 frilled lizards
  10 kobolds
  4 rats
134 creatures vanquished.

Vanquished Creatures (collateral kills)
  An ogre (D:2)
  A water moccasin skeleton (D:5)
2 creatures vanquished.

Grand Total: 136 creatures vanquished

Notes
Turn   | Place    | Note
-------+----------+-------------------------------------------
     0 | D:1      | HereIgoKillingAgain the Draconian Transmuter began the
                  | quest for the Orb.
     0 | D:1      | Reached XP level 1. HP: 16/16 MP: 3/3
   133 | D:1      | Reached XP level 2. HP: 13/23 MP: 5/5
   626 | D:1      | Learned a level 2 spell: Sticks to Snakes
   662 | D:1      | Reached skill level 3 in Transmutations
  1129 | D:2      | Reached skill level 1 in Evocations
  1184 | D:2      | Found a shadowy altar of Dithmenos.
  1212 | D:2      | Reached XP level 3. HP: 23/28 MP: 6/6
  1238 | D:2      | Reached XP level 4. HP: 25/35 MP: 7/7
  1952 | D:2      | Reached XP level 5. HP: 35/40 MP: 8/8
  2028 | D:2      | Reached skill level 4 in Transmutations
  2446 | D:2      | Noticed an ogre
  2469 | D:2      | Killed an ogre
  2613 | D:3      | Noticed Robin
  2634 | D:3      | Killed Robin
  2966 | D:3      | Found a sparkling altar of Nemelex Xobeh.
  2967 | D:3      | Found a white marble altar of Elyvilon.
  2974 | D:3      | Reached XP level 6. HP: 37/47 MP: 9/9
  3258 | D:3      | Found a bloodstained altar of Trog.
  3289 | D:3      | Learned a level 5 spell: Blade Hands
  3715 | D:4      | Reached skill level 5 in Transmutations
  3760 | D:4      | Found a radiant altar of Vehumet.
  4529 | D:5      | Entered Level 5 of the Dungeon
  4529 | D:5      | Noticed Eustachio
  4598 | D:5      | Noticed Menkaure
  4889 | D:5      | Reached skill level 6 in Transmutations
  4889 | D:5      | Your scales start taking on a dull iron-grey colour.
  4889 | D:5      | Reached XP level 7. HP: 20/52 MP: 6/10
  4889 | D:5      | Gained mutation: You can survive without breathing. [Grey
                  | Draconian growth]
  5219 | D:5      | Reached skill level 7 in Transmutations
  5449 | D:5      | Found a white marble altar of Elyvilon.
  5488 | D:5      | Killed Eustachio
  5488 | D:5      | Reached skill level 8 in Transmutations
  5683 | D:5      | Reached XP level 8. HP: 53/59 MP: 11/11
  5739 | D:5      | Killed Menkaure
  5826 | D:5      | HP: 1/59 [centaur (8)]
  5829 | D:5      | Reached skill level 9 in Transmutations
  6318 | D:5      | Found a stormy altar of Qazlal.
  6352 | D:5      | Became a worshipper of Qazlal Stormbringer
  6679 | D:6      | HP: 1/59 [orc warrior/cursed +0 short sword (18)]
  6685 | D:6      | Killed from afar by an orc warrior

Vault maps used:
D:1:      giann_wishing_wells, minmay_tromino_i2
D:2:      nicolae_dithmenos_shadow_blocks
D:3:      chequers_temple_overflow_statue_of_worship, trog_hazing_becter,
          uniq_robin
D:4:      overflow_temple_1_default
D:5:      grunt_qazlal_sundering, first_ration, minmay_ruined_shrine,
          uniq_eustachio, uniq_menkaure
D:6:      led_sif_pool, kennysheep_mini, minmay_temple_entry_poolview,
          serial_shops, nicolae_shop_waterfront, uniq_prince_ribbit1

Skill      XL: |  1  2  3  4  5  6  7  8 |
---------------+-------------------------+-----
Transmutations | 3 4 6 8 9 |  9.3
Evocations     | 1 2 3 4 |  4.2
Fighting       | |  1.1
Dodging        | |  1.7
Unarmed Combat | |  3.0
Spellcasting   | |  2.0

Action                   |  1- 3 |  4- 6 |  7- 9 || total
-------------------------+-------+-------+-------++-------
Melee: Unarmed           |    60 |       |     3 ||    63
       Kick              |     5 |     5 |       ||    10
       Tailslap          |     7 |    33 |    17 ||    57
       Dagger            |    19 |   326 |   193 ||   538
       Punch             |       |     1 |     1 ||     2
 Cast: Beastly Appendage |     6 |     1 |       ||     7
       Sticks to Snakes  |     1 |     7 |     7 ||    15
       Blade Hands       |       |       |     1 ||     1
 Abil: Evoke Berserk Rag |     1 |     1 |       ||     2
  Use: Scroll            |       |     7 |       ||     7
       Potion            |       |     1 |     4 ||     5
 Stab: Sleeping          |       |     1 |       ||     1
       Distracted        |       |       |     2 ||     2
  Eat: Chunk             |       |    10 |       ||    10
       Ration            |       |     3 |     2 ||     5
Armor: Skin              |    23 |    76 |   130 ||   229
Dodge: Dodged            |    56 |   209 |   122 ||   387

Table legend:
 A = Non-vault XP
 B = Vault XP
 C = Vault XP percentage of total XP
 D = Non-vault monster count
 E = Vault monster count
 F = Vault count percentage of total count
                 A         B        C        D         E       F
            +---------+---------+-------+---------+---------+-------
      Total |    1317 |     566 |  30.1 |     111 |      25 |  18.4
            +---------+---------+-------+---------+---------+-------
        D:1 |      34 |       1 |   2.9 |      15 |       1 |   6.2
        D:2 |     277 |       0 |   0.0 |      35 |       0 |   0.0
        D:3 |      62 |      41 |  39.8 |      16 |      14 |  46.7
        D:4 |     219 |       0 |   0.0 |      14 |       0 |   0.0
        D:5 |     620 |     524 |  45.8 |      27 |      10 |  27.0
        D:6 |     105 |       0 |   0.0 |       4 |       0 |   0.0
            +---------+---------+-------+---------+---------+-------
